 Dungeon Crawl Stone Soup version 0.31-a0-632-g766dd24fdf (webtiles) character file.

Game seed: 7387495281751516736

358 rjrrt the Chopper (level 6, 0/48 HPs)
             Began as a Demonspawn Berserker on Aug 25, 2023.
             Was a Believer of Trog.
             Slain by a steam dragon (1 damage)
             ... on level 4 of the Dungeon.
             The game lasted 00:09:22 (3290 turns).

rjrrt the Chopper (Demonspawn Berserker)            Turns: 3290, Time: 00:09:22

Health: 0/48       AC: 10    Str: 20    XL:     6   Next: 37%
Magic:  6/6        EV: 11    Int:  8    God:    Trog [**....]
Gold:   100        SH:  0    Dex: 12    Spells: 5/5 levels left

rFire   . . .        a - +1 hand axe
rCold   . . .        (no shield)
rNeg    . . .        o - +0 chain mail
rPois   .            (no helmet)
rElec   .            t - +1 cloak
rCorr   +            (no gloves)
SInv    .            (no boots)
Will    .....        (no amulet) Stlth
                     b - ring of resist corrosion
HPRegen 0.28/turn    (no ring)
MPRegen 0.10/turn

%: no passive effects
@: on berserk cooldown
A: repulsion field 2, condensation shield
a: Renounce Religion, Berserk, Trog's Hand


You were on level 4 of the Dungeon.
You worshipped Trog.
Trog was pleased with you.
You visited 1 branch of the dungeon, and saw 4 of its levels.

You collected 171 gold pieces.
You spent 71 gold pieces at shops.

Inventory:

Hand Weapons
 a - a +1 hand axe (weapon)
 c - a +0 halberd
Missiles
 h - 17 poisoned darts (quivered)
Armour
 o - a +0 chain mail (worn)
 t - a +1 cloak (worn)
Jewellery
 b - a ring of resist corrosion (left hand)
 i - a ring of fire
Wands
 n - a wand of flame (36)
Scrolls
 e - 3 scrolls of teleportation
Potions
 k - a potion of haste {unknown}
 l - a potion of mutation
 p - a potion of lignification
 s - a potion of might


   Skills:
 - Level 3.8 Fighting
 * Level 6.2 Axes
 - Level 1.7 Armour
 - Level 1.7 Dodging


You had 5 spell levels left.
You didn't know any spells.
Your spell library was empty.

Dungeon Overview and Level Annotations

Branches:
Dungeon (4/15)
 Temple: D:4-7

Altars:

Shops:
D:3 *

Annotations:
D:4 1 runed translucent door, Palms's ghost, amateur DrSh


Innate Abilities, Weirdness & Mutations

You are surrounded by a moderate repulsion field. (EV +3)
A meltable shield of frost defends you. (SH +0)


Message History

You feel yourself speed up. The steam dragon closely misses you.
The steam dragon barely misses you.
Unknown command.
Unknown command.
You hit the steam dragon.
The steam dragon is moderately wounded.
The steam dragon breathes steam at you. The ball of steam hits you!!
* * * LOW HITPOINT WARNING * * *
You hear a shout! x2
Unknown command.
Unknown command.
You are confused.
You feel invigorated.
You are engulfed in a cloud of scalding steam.
The steam dragon barely misses you. The steam dragon claws you.
* * * LOW HITPOINT WARNING * * *
Unknown command.
You're too confused to move!
The steam dragon barely misses you. The steam dragon claws you.
* * * LOW HITPOINT WARNING * * *
Unknown command.
You hit the steam dragon but do no damage.
The steam dragon is moderately wounded.
You feel less invigorated.
You feel less confused. The steam dragon bites you!
* * * LOW HITPOINT WARNING * * *
The steam dragon claws you but does no damage.
Unknown command.
You hit the steam dragon.
The steam dragon is heavily wounded.
The steam dragon barely misses you. The steam dragon claws you.
* * * LOW HITPOINT WARNING * * *
Unknown command.
Unknown command.
You hit the steam dragon.
The steam dragon is severely wounded.
The steam dragon barely misses you. The steam dragon claws you.
You die...

..... #... #...
####... #.....# ..
#.....### ...
#.....D.# ###...
#....@..# ......
##......###......
#..................
#.............###..
#.............# #.#
#####.........# #.#
#......######.###
#......# #.......
###...## #....[..


You could see a steam dragon.

Vanquished Creatures
  2 scorpions (D:4)
  An orc wizard (D:4)
  4 gnolls (D:4)
  6 adders
  11 dart slugs
  5 orcs
  5 ball pythons
  11 endoplasms
  4 giant cockroaches
  13 goblins
  5 hobgoblins
  5 jackals (D:1)
  4 quokkas
  4 bats
  2 frilled lizards (D:2)
  4 kobolds
  4 rats
90 creatures vanquished.

Notes
Turn   | Place    | Note
-------+----------+-------------------------------------------
     0 | D:1      | rjrrt the Demonspawn Berserker began the quest for the Orb.
     0 | D:1      | Reached XP level 1. HP: 18/18 MP: 1/1
    55 | D:1      | Reached skill level 3 in Axes
   147 | D:1      | Gained mutation: You are surrounded by a mild repulsion
                  | field. (EV +2) [demonic ancestry]
   147 | D:1      | Reached XP level 2. HP: 21/24 MP: 2/2
   528 | D:1      | Found a faded altar of an unknown god.
   731 | D:1      | Reached ** piety under Trog
  1093 | D:2      | Gained mutation: A meltable shield of frost defends you.
                  | (SH +0) [demonic ancestry]
  1093 | D:2      | Reached XP level 3. HP: 22/29 MP: 3/3
  1389 | D:2      | Reached skill level 4 in Axes
  1389 | D:2      | Reached XP level 4. HP: 37/37 MP: 4/4
  2283 | D:3      | Reached XP level 5. HP: 42/42 MP: 5/5
  2717 | D:3      | Found Qiuhut's General Store.
  2723 | D:3      | Bought a +0 cloak for 49 gold pieces
  2723 | D:3      | Bought a scroll of identify for 22 gold pieces
  3080 | D:4      | Reached skill level 5 in Axes
  3215 | D:4      | Reached skill level 6 in Axes
  3215 | D:4      | Gained mutation: You are surrounded by a moderate repulsion
                  | field. (EV +3) [demonic ancestry]
  3215 | D:4      | Reached XP level 6. HP: 45/48 MP: 6/6
  3248 | D:4      | Found a runed translucent door.
  3248 | D:4      | Noticed Palms's ghost (amateur DrSh)
  3278 | D:4      | Noticed a steam dragon
  3288 | D:4      | HP: 2/48 [steam dragon (9)]
  3290 | D:4      | Slain by a steam dragon

Illustrated notes

Levels and vault maps discovered:
D:1:      lightli_arrival_boilingwater, layout_basic,
          hellmonk_ecumenical_altar_crossroads
D:2:      minmay_wonky_spiral, layout_rooms
D:3:      kennysheep_slugbush, layout_basic, serial_shops,
          nicolae_shop_rolling_square
D:4:      layout_basic, nicolae_overflow_squiral,
          nicolae_ossuary_entry_catacombs, gammafunk_ghost_grave,
          minmay_distorted, uniq_grinder, uniq_robin

Skill      XL: |  1  2  3  4  5 |
---------------+----------------+-----
Axes           | 3 4 6 |  6.2
Fighting       | |  3.8
Armour         | |  1.7
Dodging        | |  1.7

Action                     |  1- 3 |  4- 6 || total
---------------------------+-------+-------++-------
  Melee: Hand axe          |   125 |   190 ||   315
         Punch             |     2 |       ||     2
  Throw: Dart              |     7 |       ||     7
 Invoke: Berserk           |     2 |     4 ||     6
    Use: Scroll            |       |    12 ||    12
         Potion            |       |     1 ||     1
 Armour: Animal skin       |    18 |       ||    18
         Leather armour    |     6 |     6 ||    12
         Chain mail        |       |    68 ||    68
  Dodge: Dodged            |    96 |   108 ||   204
  Block: Other             |     5 |    24 ||    29

Table legend: (Time is in decaauts)
 A = Elapsed time spent in this place.
 B = Non-inter-level travel time spent in this place.
 C = Inter-level travel time spent in this place.
 D = Time resting spent in this place.
 E = Time spent auto-exploring this place.
 F = Levels seen in this place.
 G = Mean time per level.
                   A        B        C        D        E       F      G
               +--------+--------+--------+--------+--------+-----+--------+
         Total |   3380 |   3256 |    124 |    125 |   1900 |   4 |  845.0 |
       Dungeon |   3380 |   3256 |    124 |    125 |   1900 |   4 |  845.0 |
               +--------+--------+--------+--------+--------+-----+--------+

Top non-repeatable levels by time:
     D:3: 1158 daAuts
     D:1: 1072 daAuts
     D:2: 812 daAuts
     D:4: 337 daAuts
